 Dungeon Crawl Stone Soup version 0.29.0-4-gdea44cf6ec (webtiles) character file.

Game seed: 17631651967723290588

48912 qw the Brawler (level 14, -8/138 (140) HPs)
             Began as a Troll Cinder Acolyte on Sept 2, 2022.
             Was an Elder of Okawaru.
             Mangled by a two-headed ogre
             ... wielding a +0 giant spiked club
             ... anointed by Ignis
              (10 damage)
             ... on level 11 of the Dungeon.
             The game lasted 00:10:55 (15755 turns).

qw the Brawler (Troll Cinder Acolyte)              Turns: 15755, Time: 00:10:56

HP:   -8/138 (140)  AC: 11    Str: 29      XL:     14   Next: 14%
MP:   14/16         EV: 11    Int: 10      God:    Okawaru [****..]
Gold: 1089          SH:  5    Dex:  6 (7)  Spells: 15/15 levels left

rFire   . . .      SeeInvis +     - Unarmed
rCold   + . .      Faith    .   (no shield)
rNeg    . . .      Spirit   .   t - +2 robe {rC+ rF+}
rPois   +          Reflect  +   m - +2 hat {Stlth+}
rElec   +          Harm     .   b - +1 cloak of Inviolability {rElec Regen+ Dex-4}
rCorr   .          Rampage  .   (gloves unavailable)
Will    +....      Clarity  +   (boots unavailable)
Stlth   +++.......              l - amulet of reflection
HPRegen 1.93/turn               o - ring of poison resistance
MPRegen 0.15/turn               g - +6 ring of dexterity

@: about to teleport, heroic, slowed, lightly drained, fire susceptible, very
slow
A: large, unfitting armour, claws 3, regeneration 1, shaggy fur 1, tough skin 1,
see invisible, clarity
a: Renounce Religion, Heroism, Finesse


You were on level 11 of the Dungeon.
You worshipped Okawaru.
Okawaru was greatly pleased with you.
You visited 3 branches of the dungeon, and saw 17 of its levels.
You also visited: Gauntlet.

You collected 1089 gold pieces.


Innate Abilities, Weirdness & Mutations

You are too large for most types of armour.
You have claws for hands.
Your natural rate of healing is unusually fast.
You are covered in fur. (AC +1)
You have tough skin. (AC +1)
You have supernaturally acute eyesight. (SInv)
You possess an exceptional clarity of mind.


   Skills:
 - Level 9.0(14.0) Fighting
 + Level 5.1(10.1) Throwing
 - Level 4.0(9.0) Armour
 - Level 3.0(8.0) Dodging
 - Level 20.2(25.2) Unarmed Combat
 - Level 1.0 Spellcasting
 - Level 2.1 Fire Magic
 + Level 4.7 Invocations


You had 15 spell levels left.
You didn't know any spells.
Your spell library contained the following spells:

 Spells                   Type           Power      Damage    Failure   Level
 Scorch                   Fire           8%         2d5       22%         2

Inventory:

Missiles
 q - 2 silver javelins (quivered)
Armour
 b - the +1 cloak of Inviolability (worn) {rElec Regen+ Dex-4}
   (You acquired it on level 3 of the Dungeon)

   Dex:       It affects your dexterity (-4).
   rElec:     It insulates you from electricity.
   Regen:     It increases your rate of health regeneration.
 m - a +2 hat of stealth (worn)
 s - +1 acid dragon scales
 t - a +2 robe of resistance (worn)
Jewellery
 g - a +6 ring of dexterity (right claw)
 i - a +4 ring of protection
 l - an amulet of reflection (around neck)
 o - a ring of poison resistance (left claw)
 r - a ring of protection from cold
Scrolls
 d - 16 scrolls of identify
 f - 3 scrolls of teleportation
 k - a scroll of brand weapon
Potions
 a - 2 potions of haste
 c - 6 potions of heal wounds
 e - 8 potions of curing
 h - 4 potions of mutation
 j - 2 potions of magic
 n - 4 potions of resistance
 p - 3 potions of might

Dungeon Overview and Level Annotations

Branches:
Dungeon (11/15)            Temple (1/1) D:5            Lair (5/5) D:8
 Shoals (0/4) Lair:3       Spider (0/4) Lair:3        Slime (0/5) Lair:4
Gauntlet (visited)
    Orc: D:9-12

Altars:
Dithmenos
Elyvilon
Fedhas
Gozag
Hepliaklqana
Kikubaaqudgha
Makhleb
Okawaru
Qazlal
Ru
Sif Muna
Trog
Uskayaw
Vehumet
Yredelemnul
The Shining One
Jiyva
Lugonu

Shops:
D:5 :   D:9 :

Portals:
Abyss: Lair:5


Message History

The kobold brigand throws a curare-tipped dart.
The curare-tipped dart hits you.
You eviscerate the hellwing!!!
You kill the hellwing!
The hellwing disappears in a puff of smoke!
You feel like a meek peon again.
The kobold brigand throws a curare-tipped dart.
You reflect the curare-tipped dart off an invisible shield around you!
The curare-tipped dart hits the kobold brigand.
The kobold brigand is poisoned.
The kobold brigand convulses.
The kobold brigand seems to slow down.
15752 ||| INVOKING Heroism.
You gain the combat prowess of a mighty hero.
The two-headed ogre hits you with a +0 giant spiked club!!
You are engulfed in flames!
The two-headed ogre barely misses you.
You scratch the two-headed ogre.
The two-headed ogre is lightly wounded.
The two-headed ogre barely misses you.
The two-headed ogre hits you with a +0 dire flail!
The kobold demonologist gestures wildly while chanting.
The kobold demonologist hits you but does no damage.
15754 ||| Stepping ~*~*~tactically~*~*~ (outnumbered).
The white imp summons a swarm of flies.
You block the kobold demonologist's attack.
A shadow comes into view.
The iron imp sputters.
The two-headed ogre hits you with a +0 giant spiked club!!
You are engulfed in flames!
You block the two-headed ogre's attack. The white imp gestures at you.
The puff of frost hits you but does no damage.
15755 ||| READING 4 scrolls of teleportation.
As you read the scroll of teleportation, it crumbles to dust.
You feel strangely unstable. The kobold demonologist misses you.
The kobold demonologist barely misses you.
The iron imp hits you but does no damage.
A quasit breaks down the door.
The two-headed ogre hits you with a +0 giant spiked club!
You are engulfed in flames!
You die...

... .... ###### ....
#...(..##..?.# ....
#.......#....# .....
#............# .....
#............# .
......#........K5..###..
.$....#.ยค #@K......
.......)###....'OK......
....(.....######55......
....(....)..5...5.......
...................?..W>
..........).............
~...............#........
~#........................
#.##+#~~~.......##.......


You could see a two-headed ogre (flame-wreathed), 2 kobold demonologists, a
kobold brigand (very poisoned, slow), a shadow, an iron imp (summoned), a quasit
(summoned) and 2 white imps.

Vanquished Creatures
  A minotaur (Gauntlet)
  3 hydras
  A two-headed ogre (D:9)
  2 death scarabs (Gauntlet)
  3 thrashing horrors (Lair:5)
  Amaemon (Lair:3)
  A spectral death yak (Gauntlet)
  An orb spider (shapeshifter) (Lair:5)
  Pikel (D:5)
  2 ugly things (Lair:5)
  A spectral boulder beetle (Gauntlet)
  A manticore (Lair:3)
  Maurice (D:10)
  10 elephants
  8 black mambas
  15 cane toads
  An orange demon (Lair:3)
  2 smoke demons (Lair:5)
  An unseen horror (D:7)
  A rime drake (shapeshifter) (Lair:5)
  4 komodo dragons
  4 rime drakes
  2 ancient zymes (Lair:5)
  3 trolls
  A wind drake (Lair:3)
  4 polar bears
  2 spectral dream sheep (Gauntlet)
  16 dream sheep
  A raiju (Gauntlet)
  18 blink frogs
  2 centaur simulacra (Gauntlet)
  A culicivora (Lair:3)
  A shadow (D:9)
  A wraith (D:10)
  A vampire (D:10)
  A water elemental (D:11)
  4 wyverns
  18 fire elementals
  33 yaks
  A large abomination (Lair:5)
  4 steam dragons
  6 basilisks
  3 chaos spawn (Lair:5)
  7 water moccasins
  9 orc warriors
  5 black bears
  4 ice beasts
  2 ogres
  20 wolves
  2 centaurs (D:10)
  2 lemures (D:5)
  5 kobold brigands
  13 bullfrogs
  4 gnoll sergeants
  7 small abominations (Lair:5)
  2 electric eels (D:11)
  3 howler monkeys
  A wyvern simulacrum (Gauntlet)
  6 hounds
  6 jellies
  8 orc priests
  2 gnoll boudas
  3 iguanas
  Ijyb (D:3)
  7 orc wizards
  A boggart simulacrum (Gauntlet)
  24 gnolls
  6 adders
  A shadow imp (D:5)
  2 white imps
  An ufetubus (D:5)
  3 worms
  2 dart slugs
  44 orcs
  6 endoplasms
  2 giant cockroaches
  9 goblins
  10 hobgoblins
  10 jackals (D:1)
  26 kobolds
  7 quokkas
  5 ball pythons
  3 bats
  5 frilled lizards
  7 rats
481 creatures vanquished.

Vanquished Creatures (others)
  5 bushes (D:5)
  62 fungi
  106 plants
173 creatures vanquished.

Grand Total: 654 creatures vanquished

Notes
Turn   | Place    | Note
-------+----------+-------------------------------------------
     0 | D:1      | qw the Troll Cinder Acolyte began the quest for the Orb.
     0 | D:1      | Reached XP level 1. HP: 22/22 MP: 1/1
     0 | D:1      | 0 ||| qw: Version: 0.1-a-97-g2dd2ca4
     0 | D:1      | 0 ||| qw: Game counter: 4951
     0 | D:1      | 0 ||| qw: Always use a shield: true
     0 | D:1      | 0 ||| qw: God list: Okawaru
     0 | D:1      | 0 ||| qw: Allow faded altars: false
     0 | D:1      | 0 ||| qw: Do Orc after D:15 true
     0 | D:1      | 0 ||| qw: Do second Lair branch before Depths: true
     0 | D:1      | 0 ||| qw: Lair rune preference: random
     0 | D:1      | 0 ||| qw: Plans: Normal
     0 | D:1      | 0 ||| PLANNING D:1-11
    27 | D:1      | Reached XP level 2. HP: 23/29 MP: 2/2
   124 | D:1      | 124 ||| Stepping ~*~*~tactically~*~*~ (stealth).
   130 | D:1      | Reached skill level 4 in Unarmed Combat
   225 | D:1      | 225 ||| Stepping ~*~*~tactically~*~*~ (outnumbered).
   227 | D:1      | Reached XP level 3. HP: 35/35 MP: 3/3
   242 | D:1      | 242 ||| Stepping ~*~*~tactically~*~*~ (stealth).
   244 | D:1      | 244 ||| Stepping ~*~*~tactically~*~*~ (stealth).
   349 | D:1      | 349 ||| Stepping ~*~*~tactically~*~*~ (outnumbered).
   350 | D:1      | 350 ||| Stepping ~*~*~tactically~*~*~ (outnumbered).
   351 | D:1      | 351 ||| Stepping ~*~*~tactically~*~*~ (outnumbered).
   352 | D:1      | 352 ||| Stepping ~*~*~tactically~*~*~ (outnumbered).
   353 | D:1      | 353 ||| Stepping ~*~*~tactically~*~*~ (outnumbered).
   354 | D:1      | 354 ||| Stepping ~*~*~tactically~*~*~ (outnumbered).
   355 | D:1      | 355 ||| Stepping ~*~*~tactically~*~*~ (outnumbered).
   356 | D:1      | 356 ||| Stepping ~*~*~tactically~*~*~ (outnumbered).
   357 | D:1      | 357 ||| Stepping ~*~*~tactically~*~*~ (outnumbered).
   359 | D:1      | 359 ||| Stepping ~*~*~tactically~*~*~ (outnumbered).
   591 | D:1      | 591 ||| Stepping ~*~*~tactically~*~*~ (outnumbered).
   667 | D:1      | 667 ||| UPGRADING to amulet of the acrobat.
   672 | D:1      | 672 ||| READING 3 scrolls labelled SITIDO TIFIFAI.
   676 | D:1      | 676 ||| READING 2 scrolls labelled NEREHY ENNUXT.
   825 | D:2      | Found a basalt altar of Yredelemnul.
  1135 | D:2      | 1135 ||| Stepping ~*~*~tactically~*~*~ (outnumbered).
  1137 | D:2      | 1137 ||| Stepping ~*~*~tactically~*~*~ (outnumbered).
  1171 | D:2      | Reached XP level 4. HP: 39/44 MP: 4/4
  1235 | D:2      | Reached skill level 5 in Unarmed Combat
  1328 | D:2      | 1328 ||| READING 2 scrolls labelled ANNIYM QYBU.
  1329 | D:2      | 1329 ||| READING 3 scrolls of identify.
  1329 | D:2      | 1329 ||| IDENTIFYING grey potion
  1330 | D:2      | 1330 ||| READING 2 scrolls of identify.
  1330 | D:2      | 1330 ||| IDENTIFYING golden potion
  1331 | D:2      | 1331 ||| DROPPING potion of berserk rage.
  1332 | D:2      | 1332 ||| DROPPING scroll of butterflies.
  1366 | D:3      | Noticed Ijyb
  1373 | D:3      | Killed Ijyb
  1461 | D:3      | Found a stormy altar of Qazlal.
  1649 | D:3      | Found a faded altar of an unknown god.
  1724 | D:3      | Reached XP level 5. HP: 50/50 MP: 5/5
  2040 | D:3      | 2040 ||| READING scroll labelled JUFILYG DYICKELOCW.
  2041 | D:3      | 2041 ||| READING scroll labelled XOJYAGO JUSEPN.
  2041 | D:3      | Identified a scroll of acquirement
  2041 | D:3      | 2041 ||| ACQUIRING +1 cloak of Inviolability {rElec Regen+
                  | Dex-4}
  2041 | D:3      | Acquired the +1 cloak of Inviolability {rElec Regen+ Dex-4}
  2043 | D:3      | 2043 ||| DRINKING 2 bubbling white potions.
  2043 | D:3      | Gained mutation: You possess an exceptional clarity of
                  | mind. [potion of mutation]
  2043 | D:3      | Gained mutation: You have supernaturally acute eyesight.
                  | (SInv) [potion of mutation]
  2044 | D:3      | 2044 ||| READING 3 scrolls of identify.
  2044 | D:3      | 2044 ||| IDENTIFYING brown potion
  2045 | D:3      | 2045 ||| READING 2 scrolls of identify.
  2045 | D:3      | 2045 ||| IDENTIFYING dark potion
  2046 | D:3      | 2046 ||| DROPPING potion of lignification.
  2059 | D:4      | 2059 ||| STAIRDANCE
  2063 | D:3      | Reached skill level 6 in Unarmed Combat
  2071 | D:4      | 2071 ||| STAIRDANCE
  2120 | D:4      | 2120 ||| Stepping ~*~*~tactically~*~*~ (stealth).
  2127 | D:4      | 2127 ||| INVOKING Fiery Armour.
  2162 | D:4      | You fall into a shaft and drop 1 floor!
  2162 | D:5      | Entered Level 5 of the Dungeon
  2170 | D:4      | Noticed an ogre
  2177 | D:4      | 2177 ||| Stepping ~*~*~tactically~*~*~ (outnumbered).
  2179 | D:4      | 2179 ||| Stepping ~*~*~tactically~*~*~ (outnumbered).
  2183 | D:4      | Killed an ogre
  2184 | D:4      | Reached skill level 7 in Unarmed Combat
  2184 | D:4      | Reached XP level 6. HP: 59/59 MP: 6/6
  2427 | D:4      | 2427 ||| Stepping ~*~*~tactically~*~*~ (stealth).
  2434 | D:4      | Reached skill level 1 in Throwing
  2460 | D:4      | 2460 ||| Stepping ~*~*~tactically~*~*~ (stealth).
  2464 | D:4      | 2464 ||| Stepping ~*~*~tactically~*~*~ (stealth).
  2590 | D:4      | 2590 ||| Stepping ~*~*~tactically~*~*~ (stealth).
  2773 | D:4      | Found a hazy altar of Hepliaklqana.
  2777 | D:4      | Found a blossoming altar of Fedhas.
  2781 | D:4      | Found an opulent altar of Gozag.
  2783 | D:4      | 2783 ||| DROPPING ring of flight.
  2784 | D:4      | 2784 ||| READING 2 scrolls labelled XOOGIA MUDDOQI.
  2785 | D:4      | 2785 ||| DRINKING 3 blue potions.
  2786 | D:4      | 2786 ||| DROPPING scroll of blinking.
  2823 | D:5      | Reached skill level 8 in Unarmed Combat
  2823 | D:5      | Reached XP level 7. HP: 54/66 MP: 7/7
  2880 | D:5      | Found a white marble altar of Elyvilon.
  2906 | D:5      | Found Jaiceat's Book Boutique.
  2912 | D:5      | 2912 ||| Stepping ~*~*~tactically~*~*~ (stealth).
  2915 | D:5      | 2915 ||| Stepping ~*~*~tactically~*~*~ (stealth).
  2917 | D:5      | 2917 ||| Stepping ~*~*~tactically~*~*~ (stealth).
  2922 | D:5      | 2922 ||| Stepping ~*~*~tactically~*~*~ (stealth).
  2928 | D:5      | 2928 ||| Stepping ~*~*~tactically~*~*~ (hiding).
  2936 | D:5      | Reached skill level 3 in Fighting
  2939 | D:5      | 2939 ||| FLEEEEING.
  2940 | D:5      | 2940 ||| FLEEEEING.
  2941 | D:5      | 2941 ||| FLEEEEING.
  2982 | D:5      | 2982 ||| Stepping ~*~*~tactically~*~*~ (stealth).
  3030 | D:5      | 3030 ||| Stepping ~*~*~tactically~*~*~ (hiding).
  3031 | D:5      | 3031 ||| Stepping ~*~*~tactically~*~*~ (hiding).
  3035 | D:5      | 3035 ||| Stepping ~*~*~tactically~*~*~ (stealth).
  3036 | D:5      | 3036 ||| Stepping ~*~*~tactically~*~*~ (stealth).
  3039 | D:5      | 3039 ||| Stepping ~*~*~tactically~*~*~ (hiding).
  3071 | D:5      | Found a bloodstained altar of Trog.
  3079 | D:5      | 3079 ||| INVOKING Fiery Armour.
  3134 | D:5      | Found a shimmering blue altar of Sif Muna.
  3135 | D:5      | 3135 ||| Stepping ~*~*~tactically~*~*~ (hiding).
  3147 | D:5      | Reached skill level 9 in Unarmed Combat
  3170 | D:5      | 3170 ||| Stepping ~*~*~tactically~*~*~ (stealth).
  3209 | D:5      | 3209 ||| Stepping ~*~*~tactically~*~*~ (hiding).
  3235 | D:5      | 3235 ||| FLEEEEING.
  3236 | D:5      | 3236 ||| FLEEEEING.
  3237 | D:5      | 3237 ||| FLEEEEING.
  3238 | D:5      | 3238 ||| FLEEEEING.
  3239 | D:5      | 3239 ||| FLEEEEING.
  3240 | D:5      | 3240 ||| FLEEEEING.
  3241 | D:5      | 3241 ||| FLEEEEING.
  3242 | D:5      | 3242 ||| FLEEEEING.
  3243 | D:5      | 3243 ||| FLEEEEING.
  3244 | D:5      | 3244 ||| FLEEEEING.
  3245 | D:5      | 3245 ||| FLEEEEING.
  3246 | D:5      | 3246 ||| FLEEEEING.
  3247 | D:5      | 3247 ||| FLEEEEING.
  3248 | D:5      | 3248 ||| FLEEEEING.
  3249 | D:5      | 3249 ||| FLEEEEING.
  3250 | D:5      | 3250 ||| FLEEEEING.
  3251 | D:5      | 3251 ||| FLEEEEING.
  3252 | D:5      | 3252 ||| FLEEEEING.
  3253 | D:5      | 3253 ||| FLEEEEING.
  3254 | D:5      | 3254 ||| FLEEEEING.
  3255 | D:5      | 3255 ||| FLEEEEING.
  3256 | D:5      | 3256 ||| FLEEEEING.
  3303 | D:5      | Found a staircase to the Ecumenical Temple.
  3321 | D:5      | 3321 ||| Stepping ~*~*~tactically~*~*~ (hiding).
  3375 | D:5      | Reached XP level 8. HP: 75/75 MP: 8/8
  3690 | D:5      | Reached skill level 1 in Dodging
  3697 | D:5      | 3697 ||| Stepping ~*~*~tactically~*~*~ (stealth).
  3784 | D:5      | Noticed Pikel
  3799 | D:5      | 3799 ||| INVOKING Fiery Armour.
  3803 | D:5      | Killed Pikel
  3804 | D:5      | Reached skill level 10 in Unarmed Combat
  3910 | D:5      | 3910 ||| Stepping ~*~*~tactically~*~*~ (hiding).
  3921 | D:5      | 3921 ||| Stepping ~*~*~tactically~*~*~ (outnumbered).
  3924 | D:5      | 3924 ||| INVOKING Fiery Armour.
  3930 | D:5      | 3930 ||| Stepping ~*~*~tactically~*~*~ (outnumbered).
  4124 | D:5      | 4124 ||| UPGRADING to +2 robe of willpower.
  4134 | D:5      | 4134 ||| DROPPING +0 robe.
  4135 | D:5      | 4135 ||| READING scroll labelled ODAL MUBAPP.
  4236 | D:5      | 4236 ||| READING 3 scrolls of identify.
  4236 | D:5      | 4236 ||| IDENTIFYING silvery potion
  4237 | D:5      | 4237 ||| READING 2 scrolls of identify.
  4237 | D:5      | 4237 ||| IDENTIFYING amethyst potion
  4238 | D:5      | 4238 ||| DROPPING potion of magic.
  4239 | D:5      | 4239 ||| DROPPING potion of invisibility.
  4266 | D:6      | 4266 ||| Stepping ~*~*~tactically~*~*~ (stealth).
  4271 | D:6      | 4271 ||| FLEEEEING.
  4272 | D:6      | 4272 ||| FLEEEEING.
  4601 | D:6      | 4601 ||| Stepping ~*~*~tactically~*~*~ (stealth).
  4615 | D:6      | Reached skill level 11 in Unarmed Combat
  4615 | D:6      | Reached XP level 9. HP: 84/84 MP: 9/9
  4983 | D:6      | 4983 ||| DROPPING orb of guile.
  4984 | D:6      | 4984 ||| READING 2 scrolls labelled MIRIRH ZYNY.
  4985 | D:6      | 4985 ||| READING scroll labelled QUNGOT BOXZYM.
  4986 | D:6      | 4986 ||| DRINKING 2 metallic sapphire potions.
  4987 | D:6      | 4987 ||| READING 3 scrolls of identify.
  4987 | D:6      | 4987 ||| IDENTIFYING sedimented yellow potion
  4988 | D:6      | 4988 ||| READING 2 scrolls of identify.
  4988 | D:6      | 4988 ||| IDENTIFYING bubbling black potion
  4989 | D:6      | 4989 ||| DROPPING potion of attraction.
  4990 | D:6      | 4990 ||| DROPPING scroll of vulnerability.
  4991 | D:6      | 4991 ||| DROPPING potion of flight.
  4992 | D:6      | 4992 ||| READING 5 scrolls of teleportation.
  5072 | D:7      | 5072 ||| Stepping ~*~*~tactically~*~*~ (hiding).
  5136 | D:7      | Noticed an unseen horror
  5158 | D:7      | Killed an unseen horror
  5184 | D:7      | 5184 ||| Stepping ~*~*~tactically~*~*~ (stealth).
  5201 | D:7      | 5201 ||| Stepping ~*~*~tactically~*~*~ (hiding).
  5204 | D:7      | 5204 ||| INVOKING Fiery Armour.
  5208 | D:7      | Reached skill level 3 in Throwing
  5208 | D:7      | 5208 ||| Stepping ~*~*~tactically~*~*~ (hiding).
  5321 | D:7      | Reached skill level 12 in Unarmed Combat
  5800 | D:7      | 5800 ||| READING scroll labelled MARHED XYMP.
  5801 | D:7      | 5801 ||| READING scroll labelled KON WALOUPT.
  5802 | D:7      | 5802 ||| DRINKING 2 fizzy grey potions.
  5834 | D:8      | 5834 ||| Stepping ~*~*~tactically~*~*~ (stealth).
  5840 | D:8      | 5840 ||| Stepping ~*~*~tactically~*~*~ (stealth).
  5842 | D:8      | 5842 ||| Stepping ~*~*~tactically~*~*~ (hiding).
  5850 | D:8      | 5850 ||| Stepping ~*~*~tactically~*~*~ (stealth).
  5851 | D:8      | 5851 ||| Stepping ~*~*~tactically~*~*~ (stealth).
  5860 | D:8      | 5860 ||| Stepping ~*~*~tactically~*~*~ (stealth).
  5861 | D:8      | 5861 ||| Stepping ~*~*~tactically~*~*~ (stealth).
  5862 | D:8      | 5862 ||| Stepping ~*~*~tactically~*~*~ (stealth).
  5907 | D:8      | 5907 ||| INVOKING Fiery Armour.
  5910 | D:8      | 5910 ||| FLEEEEING.
  5911 | D:8      | 5911 ||| FLEEEEING.
  5912 | D:8      | 5912 ||| FLEEEEING.
  5913 | D:8      | 5913 ||| FLEEEEING.
  5915 | D:8      | 5915 ||| STAIRDANCE
  5941 | D:8      | 5941 ||| STAIRDANCE
  5944 | D:7      | Reached skill level 13 in Unarmed Combat
  5950 | D:8      | Reached XP level 10. HP: 96/96 MP: 10/10
  5970 | D:8      | Found a staircase to the Lair.
  6054 | D:8      | 6054 ||| FLEEEEING.
  6055 | D:8      | 6055 ||| FLEEEEING.
  6056 | D:8      | 6056 ||| FLEEEEING.
  6057 | D:8      | 6057 ||| FLEEEEING.
  6457 | D:8      | Found an ancient bone altar of Kikubaaqudgha.
  6458 | D:8      | Found a shadowy altar of Dithmenos.
  6459 | D:8      | Found a sacrificial altar of Ru.
  6460 | D:8      | Found a burning altar of Makhleb.
  6465 | D:8      | 6465 ||| PLANNING LAIR
  6465 | D:8      | 6465 ||| READING scroll labelled ZYLEEL KIDOSAA.
  6509 | Lair:1   | Entered Level 1 of the Lair of Beasts
  6513 | Lair:1   | 6513 ||| Stepping ~*~*~tactically~*~*~ (outnumbered).
  6514 | Lair:1   | 6514 ||| Stepping ~*~*~tactically~*~*~ (outnumbered).
  6515 | Lair:1   | 6515 ||| Stepping ~*~*~tactically~*~*~ (outnumbered).
  6516 | Lair:1   | 6516 ||| Stepping ~*~*~tactically~*~*~ (outnumbered).
  6517 | Lair:1   | 6517 ||| Stepping ~*~*~tactically~*~*~ (outnumbered).
  6520 | Lair:1   | 6520 ||| Stepping ~*~*~tactically~*~*~ (outnumbered).
  6577 | Lair:1   | 6577 ||| INVOKING Fiery Armour.
  6592 | Lair:1   | Reached skill level 14 in Unarmed Combat
  6638 | Lair:1   | Noticed a black mamba
  6644 | Lair:1   | Killed a black mamba
  6677 | Lair:1   | Noticed a cane toad
  6685 | Lair:1   | Killed a cane toad
  6686 | Lair:1   | Reached skill level 6 in Fighting
  6722 | Lair:1   | Noticed a cane toad
  6730 | Lair:1   | Killed a cane toad
  6738 | Lair:1   | 6738 ||| READING scroll of acquirement.
  6738 | Lair:1   | 6738 ||| ACQUIRING +2 hat of stealth
  6738 | Lair:1   | Acquired a +2 hat of stealth
  6740 | Lair:1   | 6740 ||| UPGRADING to +2 hat of stealth.
  6772 | Lair:1   | 6772 ||| Stepping ~*~*~tactically~*~*~ (stealth).
  6775 | Lair:1   | 6775 ||| Stepping ~*~*~tactically~*~*~ (stealth).
  6778 | Lair:1   | Noticed a cane toad
  6780 | Lair:1   | Noticed an elephant
  6786 | Lair:1   | Noticed an elephant
  6786 | Lair:1   | Noticed an elephant
  6787 | Lair:1   | 6787 ||| Stepping ~*~*~tactically~*~*~ (stealth).
  6789 | Lair:1   | Killed an elephant
  6795 | Lair:1   | Killed an elephant
  6800 | Lair:1   | Killed a cane toad
  6801 | Lair:1   | Reached skill level 15 in Unarmed Combat
  6819 | Lair:1   | Killed an elephant
  6820 | Lair:1   | Reached XP level 11. HP: 58/105 MP: 11/11
  6922 | Lair:1   | 6922 ||| Stepping ~*~*~tactically~*~*~ (stealth).
  6936 | Lair:1   | 6936 ||| Stepping ~*~*~tactically~*~*~ (stealth).
  6937 | Lair:1   | 6937 ||| Stepping ~*~*~tactically~*~*~ (stealth).
  7046 | Lair:1   | 7046 ||| Stepping ~*~*~tactically~*~*~ (stealth).
  7048 | Lair:1   | 7048 ||| Stepping ~*~*~tactically~*~*~ (stealth).
  7049 | Lair:1   | 7049 ||| Stepping ~*~*~tactically~*~*~ (stealth).
  7050 | Lair:1   | 7050 ||| Stepping ~*~*~tactically~*~*~ (stealth).
  7125 | Lair:1   | 7125 ||| DROPPING +0 steam dragon scales.
  7126 | Lair:1   | 7126 ||| UPGRADING to +0 acid dragon scales.
  7136 | Lair:1   | 7136 ||| DROPPING +2 robe of willpower.
  7137 | Lair:1   | 7137 ||| READING scroll of enchant armour.
  7137 | Lair:1   | 7137 ||| ENCHANTING +0 acid dragon scales.
  7155 | Lair:1   | Reached skill level 1 in Armour
  7223 | Lair:1   | 7223 ||| Stepping ~*~*~tactically~*~*~ (stealth).
  7353 | Lair:1   | 7353 ||| Stepping ~*~*~tactically~*~*~ (stealth).
  7409 | Lair:1   | Identified the +5 longbow of the Durable God {venom, rElec
                  | SInv}
  7418 | Lair:1   | 7418 ||| Stepping ~*~*~tactically~*~*~ (stealth).
  7668 | Lair:1   | 7668 ||| READING scroll labelled YQIYNA TUNUI.
  7715 | Lair:1   | 7715 ||| READING scroll labelled JIARIJ IMEFRO.
  7716 | Lair:1   | 7716 ||| READING 5 scrolls of identify.
  7716 | Lair:1   | 7716 ||| IDENTIFYING viscous silvery potion
  7717 | Lair:1   | 7717 ||| DROPPING potion of ambrosia.
  7852 | Lair:2   | 7852 ||| Stepping ~*~*~tactically~*~*~ (stealth).
  7888 | Lair:2   | 7888 ||| Stepping ~*~*~tactically~*~*~ (stealth).
  7898 | Lair:2   | 7898 ||| FLEEEEING.
  7902 | Lair:2   | Reached skill level 16 in Unarmed Combat
  8003 | Lair:2   | 8003 ||| Stepping ~*~*~tactically~*~*~ (stealth).
  8005 | Lair:2   | 8005 ||| Stepping ~*~*~tactically~*~*~ (stealth).
  8007 | Lair:2   | 8007 ||| INVOKING Fiery Armour.
  8079 | Lair:2   | Noticed a six-headed hydra
  8083 | Lair:2   | 8083 ||| FLEEEEING.
  8084 | Lair:2   | 8084 ||| FLEEEEING.
  8085 | Lair:2   | 8085 ||| FLEEEEING.
  8086 | Lair:2   | 8086 ||| FLEEEEING.
  8087 | Lair:2   | 8087 ||| FLEEEEING.
  8089 | Lair:2   | 8089 ||| FLEEEEING.
  8090 | Lair:2   | 8090 ||| FLEEEEING.
  8091 | Lair:2   | 8091 ||| FLEEEEING.
  8096 | Lair:2   | 8096 ||| FLEEEEING.
  8097 | Lair:2   | 8097 ||| FLEEEEING.
  8098 | Lair:2   | 8098 ||| FLEEEEING.
  8102 | Lair:2   | 8102 ||| FLEEEEING.
  8103 | Lair:2   | 8103 ||| FLEEEEING.
  8104 | Lair:2   | 8104 ||| FLEEEEING.
  8105 | Lair:2   | 8105 ||| FLEEEEING.
  8106 | Lair:2   | 8106 ||| FLEEEEING.
  8107 | Lair:2   | 8107 ||| FLEEEEING.
  8113 | Lair:2   | Killed an eight-headed hydra
  8219 | Lair:2   | Identified the +8 falchion of Huxoemp {venom, Str+3}
  8494 | Lair:2   | 8494 ||| UPGRADING to amulet of reflection.
  8504 | Lair:2   | 8504 ||| DROPPING amulet of the acrobat.
  8550 | Lair:3   | 8550 ||| Stepping ~*~*~tactically~*~*~ (stealth).
  8551 | Lair:3   | 8551 ||| Stepping ~*~*~tactically~*~*~ (stealth).
  8552 | Lair:3   | 8552 ||| Stepping ~*~*~tactically~*~*~ (stealth).
  8556 | Lair:3   | 8556 ||| Stepping ~*~*~tactically~*~*~ (stealth).
  8557 | Lair:3   | 8557 ||| Stepping ~*~*~tactically~*~*~ (stealth).
  8558 | Lair:3   | 8558 ||| Stepping ~*~*~tactically~*~*~ (stealth).
  8572 | Lair:3   | 8572 ||| Stepping ~*~*~tactically~*~*~ (stealth).
  8574 | Lair:3   | Reached XP level 12. HP: 107/118 MP: 12/12
  8574 | Lair:3   | 8574 ||| Stepping ~*~*~tactically~*~*~ (stealth).
  8579 | Lair:3   | 8579 ||| Stepping ~*~*~tactically~*~*~ (stealth).
  8580 | Lair:3   | 8580 ||| Stepping ~*~*~tactically~*~*~ (stealth).
  8585 | Lair:3   | 8585 ||| Stepping ~*~*~tactically~*~*~ (stealth).
  8602 | Lair:3   | Reached skill level 17 in Unarmed Combat
  8653 | Lair:3   | 8653 ||| Stepping ~*~*~tactically~*~*~ (outnumbered).
  8758 | Lair:3   | Found a staircase to the Shoals.
  8759 | Lair:3   | 8759 ||| Stepping ~*~*~tactically~*~*~ (hiding).
  8861 | Lair:3   | 8861 ||| Stepping ~*~*~tactically~*~*~ (hiding).
  8963 | Lair:3   | 8963 ||| Stepping ~*~*~tactically~*~*~ (hiding).
  9065 | Lair:3   | 9065 ||| Stepping ~*~*~tactically~*~*~ (hiding).
  9167 | Lair:3   | 9167 ||| Stepping ~*~*~tactically~*~*~ (hiding).
  9295 | Lair:3   | Found a hole to the Spider Nest.
  9304 | Lair:3   | Noticed Amaemon
  9311 | Lair:3   | 9311 ||| INVOKING Fiery Armour.
  9312 | Lair:3   | 9312 ||| Stepping ~*~*~tactically~*~*~ (outnumbered).
  9317 | Lair:3   | 9317 ||| Stepping ~*~*~tactically~*~*~ (outnumbered).
  9323 | Lair:3   | HP: 28/118 [orange demon[Amaemon] (10)]
  9324 | Lair:3   | 9324 ||| READING 5 scrolls of teleportation.
  9324 | Lair:3   | HP: 12/118 [Amaemon/-1 demon whip of venom (2)]
  9325 | Lair:3   | 9325 ||| DRINKING 8 potions of heal wounds.
  9326 | Lair:3   | 9326 ||| DRINKING 7 potions of heal wounds.
  9406 | Lair:3   | Killed Amaemon
  9498 | Lair:3   | Noticed a seven-headed hydra
  9499 | Lair:3   | 9499 ||| INVOKING Fiery Armour.
  9501 | Lair:3   | 9501 ||| Stepping ~*~*~tactically~*~*~ (stealth).
  9504 | Lair:3   | Killed an eight-headed hydra
  9900 | Lair:3   | 9900 ||| UPGRADING to ring of poison resistance.
  9901 | Lair:3   | 9901 ||| READING scroll labelled KIEWAA UKKUDOA.
  9902 | Lair:3   | 9902 ||| READING scroll labelled HURCHU AGOO.
  9903 | Lair:3   | 9903 ||| READING 6 scrolls of identify.
  9903 | Lair:3   | 9903 ||| IDENTIFYING smoky green potion
  9934 | Lair:4   | 9934 ||| INVOKING Fiery Armour.
  9936 | Lair:4   | 9936 ||| Stepping ~*~*~tactically~*~*~ (outnumbered).
  9937 | Lair:4   | 9937 ||| Stepping ~*~*~tactically~*~*~ (outnumbered).
 10169 | Lair:4   | Reached skill level 18 in Unarmed Combat
 10211 | Lair:4   | 10211 ||| Stepping ~*~*~tactically~*~*~ (stealth).
 10217 | Lair:4   | 10217 ||| Stepping ~*~*~tactically~*~*~ (hiding).
 10219 | Lair:4   | Reached skill level 3 in Armour
 10221 | Lair:4   | 10221 ||| Stepping ~*~*~tactically~*~*~ (outnumbered).
 10463 | Lair:4   | 10463 ||| FLEEEEING.
 10464 | Lair:4   | 10464 ||| FLEEEEING.
 10468 | Lair:4   | 10468 ||| FLEEEEING.
 10469 | Lair:4   | 10469 ||| FLEEEEING.
 10470 | Lair:4   | 10470 ||| FLEEEEING.
 10471 | Lair:4   | 10471 ||| FLEEEEING.
 10475 | Lair:4   | 10475 ||| FLEEEEING.
 10476 | Lair:4   | 10476 ||| FLEEEEING.
 10482 | Lair:4   | 10482 ||| FLEEEEING.
 10483 | Lair:4   | 10483 ||| FLEEEEING.
 10484 | Lair:4   | 10484 ||| FLEEEEING.
 10485 | Lair:4   | 10485 ||| FLEEEEING.
 10486 | Lair:4   | 10486 ||| FLEEEEING.
 10487 | Lair:4   | 10487 ||| FLEEEEING.
 10488 | Lair:4   | 10488 ||| FLEEEEING.
 10489 | Lair:4   | 10489 ||| FLEEEEING.
 10490 | Lair:4   | 10490 ||| FLEEEEING.
 10640 | Lair:4   | Found a staircase to the Slime Pits.
 10642 | Lair:4   | Found a viscous altar of Jiyva.
 10866 | Lair:4   | 10866 ||| UPGRADING to +6 ring of dexterity.
 10867 | Lair:4   | 10867 ||| UPGRADING to +1 cloak of Inviolability {rElec
                  | Regen+ Dex-4}.
 10904 | Lair:5   | Entered Level 5 of the Lair of Beasts
 10905 | Lair:5   | 10905 ||| STAIRDANCE
 10907 | Lair:4   | 10907 ||| Stepping ~*~*~tactically~*~*~ (outnumbered).
 10908 | Lair:4   | 10908 ||| Stepping ~*~*~tactically~*~*~ (outnumbered).
 10909 | Lair:4   | 10909 ||| Stepping ~*~*~tactically~*~*~ (outnumbered).
 10910 | Lair:4   | 10910 ||| Stepping ~*~*~tactically~*~*~ (outnumbered).
 10911 | Lair:4   | 10911 ||| Stepping ~*~*~tactically~*~*~ (outnumbered).
 10912 | Lair:4   | 10912 ||| Stepping ~*~*~tactically~*~*~ (outnumbered).
 10913 | Lair:4   | 10913 ||| Stepping ~*~*~tactically~*~*~ (outnumbered).
 10914 | Lair:4   | 10914 ||| Stepping ~*~*~tactically~*~*~ (outnumbered).
 10934 | Lair:5   | 10934 ||| STAIRDANCE
 10936 | Lair:4   | 10936 ||| Stepping ~*~*~tactically~*~*~ (outnumbered).
 10937 | Lair:4   | 10937 ||| Stepping ~*~*~tactically~*~*~ (outnumbered).
 10938 | Lair:4   | 10938 ||| Stepping ~*~*~tactically~*~*~ (outnumbered).
 10939 | Lair:4   | 10939 ||| Stepping ~*~*~tactically~*~*~ (outnumbered).
 10940 | Lair:4   | 10940 ||| Stepping ~*~*~tactically~*~*~ (outnumbered).
 10941 | Lair:4   | 10941 ||| Stepping ~*~*~tactically~*~*~ (outnumbered).
 10943 | Lair:4   | Reached skill level 3 in Dodging
 10949 | Lair:4   | 10949 ||| INVOKING Fiery Armour.
 10997 | Lair:5   | Noticed a six-headed hydra
 10998 | Lair:5   | 10998 ||| STAIRDANCE
 11013 | Lair:5   | Killed an eight-headed hydra
 11106 | Lair:5   | 11106 ||| Stepping ~*~*~tactically~*~*~ (stealth).
 11107 | Lair:5   | 11107 ||| Stepping ~*~*~tactically~*~*~ (stealth).
 11113 | Lair:5   | 11113 ||| Stepping ~*~*~tactically~*~*~ (stealth).
 11114 | Lair:5   | 11114 ||| Stepping ~*~*~tactically~*~*~ (stealth).
 11116 | Lair:5   | 11116 ||| Stepping ~*~*~tactically~*~*~ (stealth).
 11117 | Lair:5   | 11117 ||| INVOKING Fiery Armour.
 11118 | Lair:5   | 11118 ||| Stepping ~*~*~tactically~*~*~ (outnumbered).
 11119 | Lair:5   | 11119 ||| Stepping ~*~*~tactically~*~*~ (outnumbered).
 11120 | Lair:5   | 11120 ||| Stepping ~*~*~tactically~*~*~ (outnumbered).
 11121 | Lair:5   | 11121 ||| Stepping ~*~*~tactically~*~*~ (outnumbered).
 11122 | Lair:5   | 11122 ||| Stepping ~*~*~tactically~*~*~ (outnumbered).
 11125 | Lair:5   | 11125 ||| Stepping ~*~*~tactically~*~*~ (outnumbered).
 11126 | Lair:5   | 11126 ||| Stepping ~*~*~tactically~*~*~ (outnumbered).
 11132 | Lair:5   | Reached XP level 13. HP: 107/127 MP: 13/13
 11137 | Lair:5   | 11137 ||| Stepping ~*~*~tactically~*~*~ (outnumbered).
 11138 | Lair:5   | 11138 ||| Stepping ~*~*~tactically~*~*~ (outnumbered).
 11139 | Lair:5   | 11139 ||| Stepping ~*~*~tactically~*~*~ (outnumbered).
 11140 | Lair:5   | 11140 ||| Stepping ~*~*~tactically~*~*~ (outnumbered).
 11147 | Lair:5   | 11147 ||| Stepping ~*~*~tactically~*~*~ (stealth).
 11182 | Lair:5   | 11182 ||| Stepping ~*~*~tactically~*~*~ (stealth).
 11183 | Lair:5   | 11183 ||| Stepping ~*~*~tactically~*~*~ (stealth).
 11184 | Lair:5   | 11184 ||| Stepping ~*~*~tactically~*~*~ (stealth).
 11213 | Lair:5   | 11213 ||| PLANNING TEMPLE
 11366 | Temple   | Entered the Ecumenical Temple
 11383 | Temple   | 11383 ||| PLANNING CONVERSION TO OKAWARU
 11387 | Temple   | Fell from the grace of Ignis
 11387 | Temple   | Became a worshipper of Warmaster Okawaru
 11388 | Temple   | 11388 ||| PLANNING LAIR
 11549 | Lair:5   | 11549 ||| DRINKING 3 potions of cancellation.
 11550 | Lair:5   | 11550 ||| DRINKING 2 potions of cancellation.
 11585 | Lair:5   | 11585 ||| Stepping ~*~*~tactically~*~*~ (stealth).
 11702 | Lair:5   | Reached * piety under Okawaru
 11705 | Lair:5   | 11705 ||| INVOKING Heroism.
 11711 | Lair:5   | Reached skill level 19 in Unarmed Combat
 11714 | Lair:5   | Reached skill level 1 in Invocations
 11721 | Lair:5   | 11721 ||| INVOKING Heroism.
 11725 | Lair:5   | 11725 ||| Stepping ~*~*~tactically~*~*~ (outnumbered).
 11743 | Lair:5   | 11743 ||| Stepping ~*~*~tactically~*~*~ (stealth).
 11858 | Lair:5   | 11858 ||| Stepping ~*~*~tactically~*~*~ (hiding).
 11908 | Lair:5   | 11908 ||| INVOKING Heroism.
 11913 | Lair:5   | HP: 29/127 [rime drake (shapeshifter)/flash freeze (9)]
 11914 | Lair:5   | 11914 ||| READING 4 scrolls of teleportation.
 11915 | Lair:5   | 11915 ||| DRINKING 6 potions of heal wounds.
 11918 | Lair:5   | 11918 ||| Stepping ~*~*~tactically~*~*~ (hiding).
 11919 | Lair:5   | 11919 ||| Stepping ~*~*~tactically~*~*~ (stealth).
 11920 | Lair:5   | 11920 ||| Stepping ~*~*~tactically~*~*~ (stealth).
 11921 | Lair:5   | 11921 ||| Stepping ~*~*~tactically~*~*~ (stealth).
 11928 | Lair:5   | 11928 ||| INVOKING Heroism.
 11939 | Lair:5   | 11939 ||| FLEEEEING.
 11948 | Lair:5   | 11948 ||| FLEEEEING.
 11949 | Lair:5   | 11949 ||| FLEEEEING.
 11950 | Lair:5   | 11950 ||| INVOKING Heroism.
 11951 | Lair:5   | 11951 ||| Stepping ~*~*~tactically~*~*~ (outnumbered).
 11952 | Lair:5   | 11952 ||| Stepping ~*~*~tactically~*~*~ (outnumbered).
 11953 | Lair:5   | 11953 ||| Stepping ~*~*~tactically~*~*~ (outnumbered).
 11954 | Lair:5   | 11954 ||| Stepping ~*~*~tactically~*~*~ (outnumbered).
 11955 | Lair:5   | 11955 ||| Stepping ~*~*~tactically~*~*~ (outnumbered).
 11956 | Lair:5   | 11956 ||| Stepping ~*~*~tactically~*~*~ (outnumbered).
 11957 | Lair:5   | 11957 ||| Stepping ~*~*~tactically~*~*~ (outnumbered).
 11958 | Lair:5   | 11958 ||| Stepping ~*~*~tactically~*~*~ (outnumbered).
 11959 | Lair:5   | 11959 ||| Stepping ~*~*~tactically~*~*~ (outnumbered).
 11960 | Lair:5   | 11960 ||| Stepping ~*~*~tactically~*~*~ (outnumbered).
 11961 | Lair:5   | 11961 ||| Stepping ~*~*~tactically~*~*~ (outnumbered).
 11962 | Lair:5   | 11962 ||| Stepping ~*~*~tactically~*~*~ (outnumbered).
 11963 | Lair:5   | 11963 ||| Stepping ~*~*~tactically~*~*~ (outnumbered).
 11964 | Lair:5   | 11964 ||| INVOKING Heroism.
 11965 | Lair:5   | 11965 ||| Stepping ~*~*~tactically~*~*~ (outnumbered).
 11966 | Lair:5   | 11966 ||| Stepping ~*~*~tactically~*~*~ (outnumbered).
 11972 | Lair:5   | Reached ** piety under Okawaru
 11973 | Lair:5   | Reached skill level 3 in Invocations
 11983 | Lair:5   | 11983 ||| INVOKING Heroism.
 11983 | Lair:5   | HP: 30/128 [cyan ugly thing (5)]
 11984 | Lair:5   | 11984 ||| READING 3 scrolls of teleportation.
 11985 | Lair:5   | 11985 ||| DRINKING 5 potions of heal wounds.
 12056 | Lair:5   | 12056 ||| Stepping ~*~*~tactically~*~*~ (stealth).
 12063 | Lair:5   | 12063 ||| Stepping ~*~*~tactically~*~*~ (outnumbered).
 12068 | Lair:5   | 12068 ||| FLEEEEING.
 12069 | Lair:5   | 12069 ||| FLEEEEING.
 12070 | Lair:5   | 12070 ||| FLEEEEING.
 12089 | Lair:5   | 12089 ||| INVOKING Heroism.
 12091 | Lair:5   | 12091 ||| Stepping ~*~*~tactically~*~*~ (stealth).
 12093 | Lair:5   | 12093 ||| Stepping ~*~*~tactically~*~*~ (stealth).
 12103 | Lair:5   | 12103 ||| Stepping ~*~*~tactically~*~*~ (stealth).
 12106 | Lair:5   | 12106 ||| Stepping ~*~*~tactically~*~*~ (stealth).
 12107 | Lair:5   | 12107 ||| Stepping ~*~*~tactically~*~*~ (stealth).
 12109 | Lair:5   | 12109 ||| Stepping ~*~*~tactically~*~*~ (stealth).
 12171 | Lair:5   | 12171 ||| Stepping ~*~*~tactically~*~*~ (stealth).
 12172 | Lair:5   | 12172 ||| Stepping ~*~*~tactically~*~*~ (stealth).
 12174 | Lair:5   | 12174 ||| Stepping ~*~*~tactically~*~*~ (stealth).
 12177 | Lair:5   | 12177 ||| INVOKING Heroism.
 12230 | Lair:5   | 12230 ||| Stepping ~*~*~tactically~*~*~ (stealth).
 12232 | Lair:5   | 12232 ||| Stepping ~*~*~tactically~*~*~ (stealth).
 12236 | Lair:5   | 12236 ||| Stepping ~*~*~tactically~*~*~ (stealth).
 12238 | Lair:5   | 12238 ||| INVOKING Heroism.
 12247 | Lair:5   | 12247 ||| Stepping ~*~*~tactically~*~*~ (stealth).
 12345 | Lair:5   | 12345 ||| Stepping ~*~*~tactically~*~*~ (stealth).
 12346 | Lair:5   | 12346 ||| INVOKING Heroism.
 12350 | Lair:5   | Reached skill level 9 in Fighting
 12370 | Lair:5   | 12370 ||| Stepping ~*~*~tactically~*~*~ (stealth).
 12376 | Lair:5   | 12376 ||| DRINKING potion of cancellation.
 12405 | Lair:5   | 12405 ||| Stepping ~*~*~tactically~*~*~ (cloud).
 12431 | Lair:5   | 12431 ||| INVOKING Heroism.
 12512 | Lair:5   | 12512 ||| Stepping ~*~*~tactically~*~*~ (stealth).
 12514 | Lair:5   | 12514 ||| Stepping ~*~*~tactically~*~*~ (stealth).
 12516 | Lair:5   | 12516 ||| Stepping ~*~*~tactically~*~*~ (stealth).
 12521 | Lair:5   | Reached *** piety under Okawaru
 12545 | Lair:5   | Received a gift from Okawaru
 12577 | Lair:5   | 12577 ||| FLEEEEING.
 12578 | Lair:5   | 12578 ||| FLEEEEING.
 12579 | Lair:5   | 12579 ||| FLEEEEING.
 12620 | Lair:5   | Found a corrupted altar of Lugonu.
 12620 | Lair:5   | Found a one-way gate to the infinite horrors of the Abyss.
 12699 | Lair:5   | 12699 ||| Stepping ~*~*~tactically~*~*~ (stealth).
 12711 | Lair:5   | 12711 ||| INVOKING Heroism.
 12854 | Lair:5   | 12854 ||| Stepping ~*~*~tactically~*~*~ (stealth).
 12924 | Lair:5   | 12924 ||| PLANNING D:1-11
 12924 | Lair:5   | 12924 ||| READING 13 scrolls of identify.
 12924 | Lair:5   | 12924 ||| IDENTIFYING glowing sapphire potion
 12925 | Lair:5   | 12925 ||| DROPPING potion of brilliance.
 13058 | D:9      | 13058 ||| Stepping ~*~*~tactically~*~*~ (stealth).
 13060 | D:9      | 13060 ||| Stepping ~*~*~tactically~*~*~ (stealth).
 13062 | D:9      | 13062 ||| Stepping ~*~*~tactically~*~*~ (stealth).
 13064 | D:9      | Found Afij's Vocational Training.
 13074 | D:9      | 13074 ||| READING 2 scrolls labelled XOEXIFOKIAS.
 13114 | D:9      | 13114 ||| Stepping ~*~*~tactically~*~*~ (stealth).
 13121 | D:9      | 13121 ||| Stepping ~*~*~tactically~*~*~ (stealth).
 13128 | D:9      | 13128 ||| Stepping ~*~*~tactically~*~*~ (hiding).
 13150 | D:9      | 13150 ||| Stepping ~*~*~tactically~*~*~ (stealth).
 13151 | D:9      | 13151 ||| Stepping ~*~*~tactically~*~*~ (stealth).
 13223 | D:9      | 13223 ||| Stepping ~*~*~tactically~*~*~ (stealth).
 13229 | D:9      | 13229 ||| Stepping ~*~*~tactically~*~*~ (stealth).
 13239 | D:9      | 13239 ||| INVOKING Heroism.
 13242 | D:9      | 13242 ||| Stepping ~*~*~tactically~*~*~ (outnumbered).
 13245 | D:9      | 13245 ||| Stepping ~*~*~tactically~*~*~ (outnumbered).
 13246 | D:9      | 13246 ||| STAIRDANCE
 13268 | D:8      | 13268 ||| DROPPING scroll of immolation.
 13282 | D:9      | 13282 ||| Stepping ~*~*~tactically~*~*~ (stealth).
 13299 | D:9      | 13299 ||| Stepping ~*~*~tactically~*~*~ (stealth).
 13301 | D:9      | 13301 ||| Stepping ~*~*~tactically~*~*~ (stealth).
 13303 | D:9      | 13303 ||| Stepping ~*~*~tactically~*~*~ (hiding).
 13305 | D:9      | 13305 ||| Stepping ~*~*~tactically~*~*~ (hiding).
 13306 | D:9      | 13306 ||| Stepping ~*~*~tactically~*~*~ (hiding).
 13307 | D:9      | 13307 ||| INVOKING Heroism.
 13355 | D:9      | 13355 ||| Stepping ~*~*~tactically~*~*~ (stealth).
 13412 | D:9      | 13412 ||| Stepping ~*~*~tactically~*~*~ (stealth).
 13414 | D:9      | 13414 ||| Stepping ~*~*~tactically~*~*~ (stealth).
 13415 | D:9      | 13415 ||| Stepping ~*~*~tactically~*~*~ (stealth).
 13431 | D:9      | 13431 ||| Stepping ~*~*~tactically~*~*~ (stealth).
 13433 | D:9      | 13433 ||| Stepping ~*~*~tactically~*~*~ (stealth).
 13451 | D:9      | 13451 ||| Stepping ~*~*~tactically~*~*~ (stealth).
 13454 | D:9      | 13454 ||| INVOKING Heroism.
 13457 | D:9      | 13457 ||| Stepping ~*~*~tactically~*~*~ (stealth).
 13618 | D:10     | Entered Level 10 of the Dungeon
 13717 | D:10     | 13717 ||| Stepping ~*~*~tactically~*~*~ (hiding).
 13746 | D:10     | 13746 ||| Stepping ~*~*~tactically~*~*~ (outnumbered).
 13747 | D:10     | 13747 ||| Stepping ~*~*~tactically~*~*~ (hiding).
 13754 | D:10     | 13754 ||| INVOKING Heroism.
 13827 | D:10     | 13827 ||| Stepping ~*~*~tactically~*~*~ (hiding).
 13929 | D:10     | 13929 ||| Stepping ~*~*~tactically~*~*~ (hiding).
 14031 | D:10     | 14031 ||| Stepping ~*~*~tactically~*~*~ (hiding).
 14032 | D:10     | 14032 ||| Stepping ~*~*~tactically~*~*~ (hiding).
 14227 | D:10     | Noticed Maurice
 14236 | D:10     | Killed Maurice
 14244 | D:10     | Reached **** piety under Okawaru
 14306 | D:10     | 14306 ||| INVOKING Heroism.
 14352 | D:10     | 14352 ||| Stepping ~*~*~tactically~*~*~ (stealth).
 14353 | D:10     | 14353 ||| Stepping ~*~*~tactically~*~*~ (stealth).
 14360 | D:10     | 14360 ||| Stepping ~*~*~tactically~*~*~ (outnumbered).
 14361 | D:10     | 14361 ||| Stepping ~*~*~tactically~*~*~ (outnumbered).
 14362 | D:10     | 14362 ||| Stepping ~*~*~tactically~*~*~ (outnumbered).
 14363 | D:10     | 14363 ||| Stepping ~*~*~tactically~*~*~ (outnumbered).
 14364 | D:10     | 14364 ||| Stepping ~*~*~tactically~*~*~ (outnumbered).
 14365 | D:10     | 14365 ||| Stepping ~*~*~tactically~*~*~ (outnumbered).
 14366 | D:10     | 14366 ||| Stepping ~*~*~tactically~*~*~ (outnumbered).
 14367 | D:10     | 14367 ||| Stepping ~*~*~tactically~*~*~ (outnumbered).
 14368 | D:10     | 14368 ||| Stepping ~*~*~tactically~*~*~ (outnumbered).
 14369 | D:10     | 14369 ||| Stepping ~*~*~tactically~*~*~ (outnumbered).
 14370 | D:10     | 14370 ||| Stepping ~*~*~tactically~*~*~ (outnumbered).
 14426 | D:10     | 14426 ||| INVOKING Heroism.
 14428 | D:10     | 14428 ||| Stepping ~*~*~tactically~*~*~ (cloud).
 14429 | D:10     | 14429 ||| Stepping ~*~*~tactically~*~*~ (cloud).
 14435 | D:10     | 14435 ||| Stepping ~*~*~tactically~*~*~ (cloud).
 14437 | D:10     | 14437 ||| Stepping ~*~*~tactically~*~*~ (cloud).
 14480 | D:10     | 14480 ||| Stepping ~*~*~tactically~*~*~ (stealth).
 14727 | D:10     | 14727 ||| DROPPING ring of wizardry.
 14733 | D:11     | Found a gate leading to a gauntlet.
 14734 | D:11     | 14734 ||| PLANNING GAUNTLET
 14734 | D:11     | 14734 ||| INVOKING Heroism.
 14736 | D:11     | 14736 ||| STAIRDANCE
 14751 | D:11     | 14751 ||| STAIRDANCE
 14753 | D:10     | 14753 ||| Stepping ~*~*~tactically~*~*~ (outnumbered).
 14754 | D:10     | 14754 ||| Stepping ~*~*~tactically~*~*~ (outnumbered).
 14755 | D:10     | 14755 ||| Stepping ~*~*~tactically~*~*~ (outnumbered).
 14756 | D:10     | 14756 ||| Stepping ~*~*~tactically~*~*~ (outnumbered).
 14757 | D:10     | 14757 ||| Stepping ~*~*~tactically~*~*~ (outnumbered).
 14758 | D:10     | 14758 ||| Stepping ~*~*~tactically~*~*~ (outnumbered).
 14759 | D:10     | 14759 ||| Stepping ~*~*~tactically~*~*~ (outnumbered).
 14774 | D:11     | 14774 ||| STAIRDANCE
 14776 | D:10     | 14776 ||| Stepping ~*~*~tactically~*~*~ (outnumbered).
 14786 | D:11     | 14786 ||| STAIRDANCE
 14788 | D:10     | 14788 ||| Stepping ~*~*~tactically~*~*~ (outnumbered).
 14796 | D:11     | 14796 ||| STAIRDANCE
 14807 | D:11     | 14807 ||| INVOKING Heroism.
 14841 | Gauntlet | Entered a Gauntlet
 14841 | Gauntlet | Found a transporter.
 14854 | Gauntlet | Found a transporter.
 14865 | Gauntlet | Found a transporter.
 14870 | Gauntlet | Found a transporter.
 14887 | Gauntlet | Found a transporter.
 14904 | Gauntlet | Found a transporter.
 14916 | Gauntlet | Found a transporter.
 14922 | Gauntlet | Found a transporter.
 14924 | Gauntlet | Found a transporter.
 14940 | Gauntlet | Found the +4 skin of Zhor {*Englaciate rC+++ SInv}
 14941 | Gauntlet | Found a transporter.
 14947 | Gauntlet | Found a transporter.
 14966 | Gauntlet | Found a transporter.
 14978 | Gauntlet | Found a transporter.
 14995 | Gauntlet | Found a transporter.
 15012 | Gauntlet | Found a transporter.
 15014 | Gauntlet | Found a transporter.
 15039 | Gauntlet | Found a transporter.
 15041 | Gauntlet | Found a transporter.
 15242 | Gauntlet | 15242 ||| INVOKING Heroism.
 15243 | Gauntlet | Received a gift from Okawaru
 15245 | Gauntlet | Reached skill level 20 in Unarmed Combat
 15287 | Gauntlet | 15287 ||| INVOKING Heroism.
 15289 | Gauntlet | Reached XP level 14. HP: 133/140 MP: 13/16
 15314 | Gauntlet | 15314 ||| Stepping randomly (stuck).
 15316 | Gauntlet | 15316 ||| Stepping randomly (cloudy).
 15326 | Gauntlet | 15326 ||| DROPPING +6 ring of intelligence.
 15340 | Gauntlet | 15340 ||| INVOKING Heroism.
 15392 | Gauntlet | 15392 ||| Stepping randomly (stuck).
 15393 | Gauntlet | 15393 ||| Stepping randomly (stuck).
 15394 | Gauntlet | 15394 ||| INVOKING Heroism.
 15424 | Gauntlet | 15424 ||| Stepping randomly (stuck).
 15426 | Gauntlet | 15426 ||| Stepping randomly (stuck).
 15427 | Gauntlet | 15427 ||| Stepping randomly (stuck).
 15428 | Gauntlet | 15428 ||| Stepping randomly (stuck).
 15429 | Gauntlet | 15429 ||| Stepping randomly (stuck).
 15430 | Gauntlet | 15430 ||| Stepping randomly (stuck).
 15431 | Gauntlet | 15431 ||| Stepping randomly (stuck).
 15432 | Gauntlet | 15432 ||| Stepping randomly (stuck).
 15433 | Gauntlet | 15433 ||| Stepping randomly (stuck).
 15434 | Gauntlet | 15434 ||| Stepping randomly (stuck).
 15435 | Gauntlet | 15435 ||| Stepping randomly (stuck).
 15437 | Gauntlet | 15437 ||| Stepping randomly (stuck).
 15438 | Gauntlet | 15438 ||| Stepping randomly (stuck).
 15439 | Gauntlet | 15439 ||| Stepping randomly (stuck).
 15441 | Gauntlet | 15441 ||| Stepping randomly (stuck).
 15443 | Gauntlet | 15443 ||| Stepping randomly (stuck).
 15445 | Gauntlet | 15445 ||| Stepping randomly (stuck).
 15446 | Gauntlet | 15446 ||| Stepping randomly (stuck).
 15447 | Gauntlet | 15447 ||| Stepping randomly (stuck).
 15448 | Gauntlet | 15448 ||| Stepping randomly (stuck).
 15449 | Gauntlet | 15449 ||| Stepping randomly (stuck).
 15450 | Gauntlet | 15450 ||| Stepping randomly (stuck).
 15452 | Gauntlet | 15452 ||| Stepping randomly (stuck).
 15470 | Gauntlet | Identified the ring of Ebeimiad {Wiz rN+ Str-3 Int+4
                  | Stlth+}
 15477 | Gauntlet | 15477 ||| DROPPING ring of Ebeimiad {Wiz rN+ Str-3 Int+4
                  | Stlth+}.
 15504 | Gauntlet | 15504 ||| Stepping ~*~*~tactically~*~*~ (stealth).
 15506 | Gauntlet | 15506 ||| INVOKING Heroism.
 15623 | Gauntlet | 15623 ||| UPGRADING to +2 robe of resistance.
 15696 | D:11     | 15696 ||| PLANNING D:1-11
 15718 | D:11     | 15718 ||| Stepping ~*~*~tactically~*~*~ (stealth).
 15720 | D:11     | 15720 ||| Stepping ~*~*~tactically~*~*~ (stealth).
 15722 | D:11     | 15722 ||| INVOKING Heroism.
 15725 | D:11     | 15725 ||| Stepping ~*~*~tactically~*~*~ (stealth).
 15738 | D:11     | 15738 ||| Stepping ~*~*~tactically~*~*~ (outnumbered).
 15739 | D:11     | 15739 ||| Stepping ~*~*~tactically~*~*~ (outnumbered).
 15740 | D:11     | 15740 ||| Stepping ~*~*~tactically~*~*~ (outnumbered).
 15742 | D:11     | 15742 ||| Stepping ~*~*~tactically~*~*~ (outnumbered).
 15744 | D:11     | 15744 ||| Stepping ~*~*~tactically~*~*~ (outnumbered).
 15747 | D:11     | 15747 ||| Stepping ~*~*~tactically~*~*~ (outnumbered).
 15748 | D:11     | 15748 ||| Stepping ~*~*~tactically~*~*~ (outnumbered).
 15749 | D:11     | 15749 ||| Stepping ~*~*~tactically~*~*~ (outnumbered).
 15750 | D:11     | 15750 ||| Stepping ~*~*~tactically~*~*~ (outnumbered).
 15752 | D:11     | 15752 ||| INVOKING Heroism.
 15754 | D:11     | 15754 ||| Stepping ~*~*~tactically~*~*~ (outnumbered).
 15754 | D:11     | HP: 16/138 [two-headed ogre/+0 giant spiked club[Ignis]
                  | (32)]
 15754 | D:11     | HP: 6/138 [two-headed ogre/+0 giant spiked club[Ignis]
                  | (10)]
 15755 | D:11     | 15755 ||| READING 4 scrolls of teleportation.
 15755 | D:11     | HP: 2/138 [two-headed ogre/+0 giant spiked club[Ignis] (7)]
 15755 | D:11     | Mangled by a two-headed ogre

Levels and vault maps discovered:
D:1:      dpeg_arrival_renting, layout_basic
D:2:      minmay_angry_zag, layout_loops_cross, basic_altar
D:3:      layout_basic, overflow_temple_1_default,
          hellmonk_ecumenical_altar_leap_of_faith,
          chequers_serial_rivers_micro_c, uniq_ijyb
D:4:      nicolae_cairo_tiling, layout_cave_pools,
          grunt_temple_overflow_diamond, grunt_ministairs_1, minmay_between
D:5:      layout_loops_cross, nzn_overflow_gifts_of_might_and_magic,
          mainiacjoe_overflow_alcove_4, minmay_temple_entry_statues_pillars,
          serial_shops, nicolae_shop_waterfront, minmay_hedge_maze,
          water_maze_lemuel, uniq_pikel
D:6:      layout_basic, serial_bayou_ford_a, lexackson_kobold_supper
D:7:      layout_loops_ring, kennysheep_generic_room_8
D:8:      layout_rooms, mainiacjoe_overflow_alcove_3,
          due_lair_maze_entry_diamond
D:9:      layout_rooms, nicolae_shop_vocational
D:10:     layout_irregular_city, hangedman_abyss_or_decor_slice,
          minmay_misc_feat_tower, moated_statue, uniq_maurice
D:11:     layout_basic, gauntlet_entry_generic
Temple:   bh_familiar_temple
Lair:1:   layout_regular_city, nicolae_lair_grazing_beasts
          [nicolae_sub_lair_graze_edge, nicolae_sub_lair_graze_edge,
          nicolae_sub_lair_graze_edge, nicolae_sub_lair_graze_edge]
Lair:2:   layout_small_grid
Lair:3:   layout_cellular_growth, minmay_shoals_entry_beasts,
          spider_nest_entry_rubble, hangedman_lair_unloving_vines,
          hibernation_bobbens, grunt_megastairs_2, uniq_amaemon
Lair:4:   layout_roguey, dpeg_slime_entry_corner, grunt_megastairs_1,
          infiniplex_staircase_pool
Lair:5:   hellmonk_lair_end_abyssal_woods, layout_regular_city,
          guppyfry_lair_drakes, lemuel_fruit_tree

Skill      XL: |  1  2  3  4  5  6  7  8  9 10 11 12 13 |
---------------+----------------------------------------+-----
Unarmed Combat | 4 5 7 8 9 11 13 15 16 18 20 | 20.2
Throwing       | 1 2 3 4 5 |  5.1
Fighting       | 3 4 5 6 7 8 9 |  9.0
Dodging        | 1 3 |  3.0
Armour         | 2 3 4 |  4.0
Invocations    | 4 |  4.7
Spellcasting   | |  1.0
Fire Magic     | |  2.1

Action                   |  1- 3 |  4- 6 |  7- 9 | 10-12 | 13-15 || total
-------------------------+-------+-------+-------+-------+-------++-------
Melee: Unarmed           |    99 |   125 |   244 |   376 |   444 ||  1288
       Punch             |       |     3 |     8 |    30 |    42 ||    83
Throw: Javelin           |       |    13 |    41 |    40 |     6 ||   100
       Boomerang         |       |       |    24 |    97 |     2 ||   123
Invok: Fiery Armour      |       |     1 |     5 |     7 |       ||    13
       Heroism           |       |       |       |       |    28 ||    28
  Use: Scroll            |     2 |     8 |    10 |    10 |     5 ||    35
       Potion            |       |     2 |     2 |     2 |     5 ||    11
Armor: Robe              |    26 |    32 |    60 |    36 |    19 ||   173
       Acid dragon scale |       |       |       |   131 |   161 ||   292
Dodge: Dodged            |    31 |    46 |   108 |   138 |   167 ||   490
Block: Other             |       |       |       |    49 |    68 ||   117
       Reflection        |       |       |       |       |     4 ||     4

Table legend:
 A = Non-vault XP
 B = Vault XP
 C = Vault XP percentage of total XP
 D = Non-vault monster count
 E = Vault monster count
 F = Vault count percentage of total count
                 A         B        C        D         E       F
            +---------+---------+-------+---------+---------+-------
      Total |   41737 |   28138 |  40.3 |     352 |     109 |  23.6
            +---------+---------+-------+---------+---------+-------
        D:1 |      69 |       0 |   0.0 |      30 |       0 |   0.0
        D:2 |      16 |      20 |  55.6 |       7 |       6 |  46.2
        D:3 |      85 |      51 |  37.5 |      18 |       3 |  14.3
        D:4 |     471 |      10 |   2.1 |      20 |       6 |  23.1
        D:5 |     818 |     810 |  49.8 |      37 |       3 |   7.5
        D:6 |     416 |     110 |  20.9 |       8 |       8 |  50.0
        D:7 |    1481 |       0 |   0.0 |      24 |       0 |   0.0
        D:8 |     761 |    1485 |  66.1 |      20 |      11 |  35.5
        D:9 |    2218 |       0 |   0.0 |      27 |       0 |   0.0
       D:10 |    1745 |     493 |  22.0 |      26 |       1 |   3.7
       D:11 |     800 |       0 |   0.0 |      11 |       0 |   0.0
     Lair:1 |    5862 |    2823 |  32.5 |      21 |       6 |  22.2
     Lair:2 |    5333 |       0 |   0.0 |      19 |       0 |   0.0
     Lair:3 |    3181 |    3735 |  54.0 |      15 |      11 |  42.3
     Lair:4 |    9002 |       0 |   0.0 |      34 |       0 |   0.0
     Lair:5 |    9479 |   12923 |  57.7 |      35 |      40 |  53.3
   Gauntlet |       0 |    5678 | 100.0 |       0 |      14 | 100.0
            +---------+---------+-------+---------+---------+-------
